 Seeded DCSS version 0.31-a0-557-g6e16503903 (webtiles) character file.

Game seed: 3826825538972431165 (custom seed)

74 innerfire43 the Trooper (level 4, 0/37 HPs)
             Began as a Demonspawn Monk on Aug 16, 2023.
             Slain by a goblin
             ... wielding a +0 dagger
             ... led by Robin
              (1 damage)
             ... on level 2 of the Dungeon.
             The game lasted 00:01:43 (988 turns).

innerfire43 the Trooper (Demonspawn Monk)            Turns: 988, Time: 00:01:44

Health: 0/37       AC:  4    Str: 19    XL:     4   Next: 10%
Magic:  4/4        EV: 13    Int: 11    God:
Gold:   172        SH:  4    Dex: 16    Spells: 3/3 levels left

rFire   + + +        a - +0 spear
rCold   . . .        d - orb {light}
rNeg    . . .        b - +0 robe
rPois   .            (no helmet)
rElec   +            (no cloak)
rCorr   +            (no gloves)
SInv    .            (no boots)
Will    .....        (no amulet)
Stlth   +            e - ring of Beusixua {Contam rElec rF+++ rCorr Str+6}
HPRegen 0.26/turn    (no ring)
MPRegen 0.09/turn

%: no passive effects
@: glowing
A: molten scales 1, condensation shield
a: no special abilities


You were on level 2 of the Dungeon.
You visited 1 branch of the dungeon, and saw 2 of its levels.

You collected 172 gold pieces.

Inventory:

Hand Weapons
 a - a +0 spear (weapon)
Armour
 b - a +0 robe (worn)
 d - an orb of light (worn)
Jewellery
 e - the ring of Beusixua (left hand) {Contam rElec rF+++ rCorr Str+6}
   (You acquired it on level 1 of the Dungeon)

   [ring of strength]

   Str+6:     It affects your strength (+6).
   rF+++:     It renders you almost immune to fire.
   rElec:     It insulates you from electricity.
   Contam:    It causes magical contamination when unequipped.
   rCorr:     It protects you from acid and corrosion.
Scrolls
 f - 2 scrolls of vulnerability {unknown}
 g - a scroll of amnesia {unknown}
 h - a scroll of brand weapon {unknown}
 j - 2 scrolls of identify {unknown}
 k - a scroll of noise {unknown}
Potions
 c - a potion of ambrosia
 i - 2 potions of mutation {unknown}
 m - a potion of cancellation {unknown}


   Skills:
 + Level 3.6 Fighting
 + Level 3.2 Polearms
 + Level 1.0 Armour
 + Level 3.3 Dodging


You had 3 spell levels left.
You didn't know any spells.
Your spell library was empty.

Dungeon Overview and Level Annotations

Branches:
Dungeon (2/15)

Altars:


Innate Abilities, Weirdness & Mutations

You are partially covered in molten scales. (AC +2)
A meltable shield of frost defends you. (SH +4)


Message History

Unknown command.
You hit the hobgoblin.
The hobgoblin is severely wounded.
The goblin hits you but does no damage. The hobgoblin hits you.
* * * LOW HITPOINT WARNING * * *
Unknown command.
You puncture the hobgoblin!
You kill the hobgoblin!
The goblin hits you with a +0 club.
* * * LOW HITPOINT WARNING * * *
You puncture the hobgoblin!
You kill the hobgoblin!
Unknown command.
The goblin hits you with a +0 club.
* * * LOW HITPOINT WARNING * * *
Items here: $ ))) [[ †††.
You completely miss the goblin. The goblin hits you but does no damage.
The goblin closely misses you. x2
Unknown command.
You puncture the goblin!
You kill the goblin!
The goblin closely misses you. x2
The goblin attacks as you move away! The goblin barely misses you.
The goblin attacks as you move away! The goblin misses you.
The goblin unwields a +0 club.
The goblin wields a +0 sling.
The goblin shoots a sling bullet.
The sling bullet closely misses you.
Things that are here:
a +0 club; a +0 club You hit the goblin.
The goblin is severely wounded.
The goblin hits you with a +0 club.
* * * LOW HITPOINT WARNING * * *
You hit the goblin.
You kill the goblin!
You closely miss the goblin. The goblin hits you with a +0 dagger.
* * * LOW HITPOINT WARNING * * *
You hit the goblin.
The goblin is heavily wounded.
The goblin hits you with a +0 dagger.
You die...

#..........#
#..........#
####..........#
#.............#
#.............#
##......?......#
.........g.....#
..........#######...
......###gg@).......
.##### ######......
..... ...# ..# .# #


You could see 2 goblins.

Vanquished Creatures
  Robin (D:2)
  2 adders (D:2)
  A dart slug (D:1)
  3 bats (D:1)
  5 endoplasms
  3 giant cockroaches (D:1)
  9 goblins
  5 hobgoblins
  2 kobolds (D:1)
  2 ball pythons (D:1)
  A frilled lizard (D:1)
  4 rats (D:1)
38 creatures vanquished.

Notes
Turn   | Place    | Note
-------+----------+-------------------------------------------
     0 | D:1      | innerfire43 the Demonspawn Monk began the quest for the
                  | Orb.
     0 | D:1      | Reached XP level 1. HP: 18/18 MP: 1/1
     0 | D:1      | Upgraded the game from 0.31-a0-544-gceb718ecc6 to
                  | 0.31-a0-557-g6e16503903
   206 | D:1      | Identified a scroll of acquirement
   206 | D:1      | Acquired the ring of Beusixua {Contam rElec rF+++ rCorr
                  | Str+6}
   271 | D:1      | Gained mutation: A meltable shield of frost defends you.
                  | (SH +4) [demonic ancestry]
   271 | D:1      | Reached XP level 2. HP: 21/24 MP: 2/2
   744 | D:2      | Gained mutation: You are partially covered in molten
                  | scales. (AC +2) [demonic ancestry]
   744 | D:2      | Reached XP level 3. HP: 29/29 MP: 3/3
   946 | D:2      | Noticed Robin
   970 | D:2      | Killed Robin
   971 | D:2      | Reached skill level 1 in Armour
   974 | D:2      | Reached XP level 4. HP: 6/36 MP: 4/4
   981 | D:2      | HP: 1/36 [goblin/+0 club[Robin] (2)]
   987 | D:2      | HP: 1/37 [goblin/+0 dagger[Robin] (1)]
   988 | D:2      | Slain by a goblin

Illustrated notes

Levels and vault maps discovered:
D:1:      roderic_crop_circles_arrival_large, layout_basic
D:2:      layout_basic, minmay_distorted, uniq_robin, uniq_jessica

Skill      XL: |  1  2  3 |
---------------+----------+-----
Dodging        | 3 |  3.3
Polearms       | 3 |  3.2
Armour         | 1 |  1.0
Fighting       | |  3.6

Action                     |  1- 3 |  4- 6 || total
---------------------------+-------+-------++-------
  Melee: Spear             |   130 |    13 ||   143
    Use: Scroll            |     1 |       ||     1
         Potion            |     1 |       ||     1
 Armour: Robe              |    11 |     2 ||    13
  Dodge: Dodged            |    54 |    13 ||    67
  Block: Orb               |    15 |     1 ||    16

Table legend: (Time is in decaauts)
 A = Elapsed time spent in this place.
 B = Non-inter-level travel time spent in this place.
 C = Inter-level travel time spent in this place.
 D = Time resting spent in this place.
 E = Time spent auto-exploring this place.
 F = Levels seen in this place.
 G = Mean time per level.
                   A        B        C        D        E       F      G
               +--------+--------+--------+--------+--------+-----+--------+
         Total |    980 |    966 |     14 |      0 |    740 |   2 |  490.0 |
       Dungeon |    980 |    966 |     14 |      0 |    740 |   2 |  490.0 |
               +--------+--------+--------+--------+--------+-----+--------+

Top non-repeatable levels by time:
     D:1: 734 daAuts
     D:2: 246 daAuts
